Map: Ruins of Endion

Players

Miszu

  • Race: Terran Terran
  • League: Master

Casper - Winner!

  • Race: Protoss Protoss
  • League: Master

VOD

Have the link to the VOD?

Description

Time

  • Played on: March 30, 2016, 4:50 p.m.
  • Length: 3:19
Show
View Real Time Build Order
Export as new Build Order

Miszu Terran 

Build Orders: Reaper Expand 

Get SALT Encoding   

  12  0:00  SCV  
  13  0:13  SCV  
  14  0:17  Supply Depot  
  14  0:25  SCV  
  15  0:39  SCV  
  15  0:40  Barracks  
  16  0:44  Refinery  
  16  0:51  SCV  
  17  1:03  SCV  
  18  1:15  SCV  
  19  1:31  Reaper  
  21  1:34  Orbital Command  
  20  1:43  Command Center  
  20  1:49  Supply Depot  
  20  1:59  SCV  
  20  2:01  Refinery  
  21  2:03  Barracks Reactor  
  21  2:11  SCV  
  22  2:21  Factory  
  22  2:23  SCV  
  23  2:35  SCV  
  24  2:39  Marine x2  
  25  2:47  SCV  
  26  2:58  Marine x2  
  28  2:59  SCV  
  28  3:04  Factory Tech Lab  
  29  3:06  Factory  
Show
View Real Time Build Order
Export as new Build Order

Casper Protoss - Winner!

Build Orders:  

Get SALT Encoding   

  12  0:02  Probe (Chrono Boost)  
  13  0:12  Probe (Chrono Boost)  
  14  0:17  Pylon  
  14  0:23  Probe (Chrono Boost)  
  16  0:35  Probe (Chrono Boost)  
  16  0:36  Gateway  
  16  0:46  Probe (Chrono Boost)  
  16  0:48  Assimilator  
  17  0:57  Probe (Chrono Boost)  
  18  0:58  Assimilator  
  18  1:07  Probe (Chrono Boost)  
  18  1:09  Gateway  
  19  1:18  Probe (Chrono Boost)  
  20  1:25  Cybernetics Core  
  20  1:37  Probe (Chrono Boost)  
  21  1:54  Pylon  
  21  2:02  Adept (Chrono Boost)  
  23  2:13  Adept (Chrono Boost), Probe  
  26  2:21  Nexus  
  26  2:25  Probe  
  27  2:34  Adept (Chrono Boost)  
  29  2:40  Adept (Chrono Boost)  
  31  2:52  Twilight Council  
  31  3:02  Pylon  
Tags
 
Add a new tag
Caveats
  • Supply blocks, unpowered buildings, or Contaminate may cause inaccurate times.
  • Supply counts are checked every 10 seconds.